 Dungeon Crawl Stone Soup version 0.28-a0-535-g6f645e4c1d (webtiles) character file.

Game seed: 14017529857742029965

39 shoop the Grave Robber (level 3, 16/16 HPs)
             Began as a Vine Stalker Necromancer on Sept 26, 2021.
             Quit the game on level 2 of the Dungeon.
             The game lasted 00:02:50 (2168 turns).

shoop the Grave Robber (Vine Stalker Necromancer)   Turns: 2168, Time: 00:02:50

Health: 16/16      AC:  2    Str: 10    XL:     3   Next: 45%
Magic:  7/7        EV: 12    Int: 16    God:
Gold:   49         SH:  0    Dex: 14    Spells: 6/7 levels left

rFire   . . .      SeeInvis .   e - +0 dagger
rCold   . . .      Faith    .   (no shield)
rNeg    . . .      Spirit   +   a - +0 robe
rPois   .          Reflect  .   (no helmet)
rElec   .          Harm     .   (no cloak)
rCorr   .          Rampage  .   (no gloves)
Will    .....                   (no boots)
Stlth   ++........              (no amulet)
HPRegen 0.05/turn               (no ring)
MPRegen 0.10/turn               (no ring)

@: no status effects
A: fangs 2, magic shield, antimagic bite, no potion heal 2
a: no special abilities


You were on level 2 of the Dungeon.
You visited 1 branch of the dungeon, and saw 2 of its levels.

You collected 49 gold pieces.

Inventory:

Hand Weapons
 c - a +0 mace
 e - a +0 dagger (weapon)
Armour
 a - a +0 robe (worn)
Jewellery
 k - a ring of ice
Scrolls
 b - 2 scrolls of noise {unknown}
 d - a scroll of amnesia {unknown}
 h - a scroll of fear {unknown}
 i - a scroll of fog {unknown}
 j - a scroll of identify {unknown}
Potions
 f - a potion of magic {unknown}
 g - a potion of brilliance {unknown}
 l - a potion of heal wounds {unknown}


   Skills:
 - Level 2.0 Dodging
 - Level 3.0 Stealth
 + Level 2.6 Spellcasting
 * Level 4.5 Necromancy


You had 6 spell levels left.
You knew the following spells:

 Your Spells              Type           Power      Damage    Failure   Level
a - Pain                  Necr           64%        1d7       3%          1

Your spell library contained the following spells:

 Spells                   Type           Power      Damage    Failure   Level
 Animate Skeleton         Necr           32%        N/A       3%          1
 Vampiric Draining        Necr           8%         2d7       9%          3
 Animate Dead             Necr           8%         N/A       30%         4
 Gell's Gravitas          Tloc           1%         N/A       52%         3
 Teleport Other           Tloc           2%         N/A       52%         3
 Agony                    Necr           16%        N/A       63%         5
 Dispersal                Tloc           1%         N/A       100%        6


Dungeon Overview and Level Annotations

Branches:
Dungeon (2/15)

Altars:
Okawaru

Shops:
D:2 *


Innate Abilities, Weirdness & Mutations

You have extremely sharp teeth.
When hurt, damage is shared between your health and your magic reserves.
Your bite disrupts and absorbs the magic of your enemies.
Potions cannot restore your health.


Message History

The endoplasm barely misses you.
You hit the endoplasm.
The endoplasm is lightly wounded.
The endoplasm closely misses you.
You hit the endoplasm.
You bite the endoplasm, but do no damage.
The endoplasm is heavily wounded.
The endoplasm freezes you.
You are frozen.
You hit the endoplasm.
You kill the endoplasm!
No target in view!
No target in view!
A giant cockroach comes into view.
You hit the giant cockroach.
The giant cockroach is moderately wounded.
The giant cockroach closely misses you. x2
You hit the giant cockroach. You bite the giant cockroach.
You kill the giant cockroach!
No target in view!
No target in view!
You now have 49 gold pieces (gained 7).
Found an iron altar of Okawaru.
Found a leather armour.
A ball python comes into view.
Found 16 sling bullets.
Casting: Pain (safe; 3% risk of failure)
Confirm with . or Enter, or press ? or * to list all spells.
Aiming: Pain (safe; 3% risk of failure)
Press: ? - help, Shift-Dir - straight line, f - ball python
Aim: a ball python (chance to affect: 87%)
The ball python writhes in agony.
You kill the ball python!
Training target 2.0 for Dodging reached!
Your Dodging skill increases to level 2!
Found a stone staircase leading down.
k - a ring of ice
l - a blue potion 2 jackals come into view.
Are you sure you want to abandon this character and quit the game? (Confirm with "yes".)

##........##.#####.###
#..._.....##.# #.###
#......#..##.#####†##.
#.........##..........
#.#.###...............
#...###...####.#.#.##.
####...#.[####.#.#.##.
##..#...>.......##.
#@....####........
hh........#(#
#...#####
#######.#.#.# #.###
#.#.#.# #. #.#.# #.# #
#.# #.#


You could see 2 jackals.

Vanquished Creatures
  2 dart slugs (D:1)
  4 bats (D:1)
  3 endoplasms
  3 giant cockroaches
  2 hobgoblins (D:1)
  A quokka (D:1)
  6 ball pythons
  3 frilled lizards (D:1)
  3 goblins (D:1)
  3 kobolds (D:1)
  A rat (D:1)
31 creatures vanquished.

Notes
Turn   | Place    | Note
-------+----------+-------------------------------------------
     0 | D:1      | shoop the Vine Stalker Necromancer began the quest for the
                  | Orb.
     0 | D:1      | Reached XP level 1. HP: 9/9 MP: 4/4
   411 | D:1      | Reached XP level 2. HP: 10/13 MP: 3/6
   974 | D:1      | Reached XP level 3. HP: 1/16 MP: 0/7
  1589 | D:1      | Found a faded altar of an unknown god.
  1844 | D:2      | Found Naommula's General Store.
  2137 | D:2      | Found an iron altar of Okawaru.
  2168 | D:2      | Quit the game

Illustrated notes

Levels and vault maps discovered:
D:1:      dpeg_arrival_stonehenge_12_columns, layout_loops_ring,
          basic_ecumenical_altar, minmay_pentomino_v4
D:2:      layout_loops_ring, basic_altar, serial_shops, shop

Skill      XL: |  1  2  3 |
---------------+----------+-----
Stealth        | 3 |  3.0
Dodging        | 2 |  2.0
Spellcasting   | |  2.6
Necromancy     | |  4.5

Action                   || total
-------------------------++-------
Melee: Mace              ||     2
       Dagger            ||    15
       Bite              ||     6
 Cast: Pain              ||    51
Armor: Robe              ||     5
Dodge: Dodged            ||    12

Table legend: (Time is in decaauts)
 A = Elapsed time spent in this place.
 B = Non-inter-level travel time spent in this place.
 C = Inter-level travel time spent in this place.
 D = Time resting spent in this place.
 E = Time spent auto-exploring this place.
 F = Levels seen in this place.
 G = Mean time per level.
                   A        B        C        D        E       F      G
               +--------+--------+--------+--------+--------+-----+--------+
         Total |   2167 |   2135 |     32 |    187 |   1743 |   2 | 1083.5 |
       Dungeon |   2167 |   2135 |     32 |    187 |   1743 |   2 | 1083.5 |
               +--------+--------+--------+--------+--------+-----+--------+

Top non-repeatable levels by time:
     D:1: 1840 daAuts
     D:2: 326 daAuts
